General information
- name: BNet
- type: Ladder team game (AT/RT)
- host: Battle.net
- saver: WesFSTGDB
map: MarketSquare
- players: 8
- length: 22:15
- speed: Fast
- version: 1.25 W3XP
- replay type: Public
» download(227 KB)
Players
team 1 (winner)

»
WhiteFlagOfWar (
green | 127 APM | 2824 actions | 22:14)
5 Death Knight
3 Death Coil
2 Unholy Aura
5 Lich
3 Frost Nova
2 Frost Armor
5 Dark Ranger
2 Black Arrow
3 Silence
» actions
| Assign group hotkey | 175 | |
| Basic commands | 8 | |
| Build / train | 60 | |
| ESC pressed | 2 | |
| Enter build submenu | 18 | |
| Enter hero's abilities submenu | 16 | |
| Give item / drop item | 4 | |
| Remove unit from queue | 2 | |
| Right click | 1369 | |
| Select / deselect | 191 | |
| Select group hotkey | 872 | |
| Use ability | 107 | |
2824 total
» units
| Acolyte | 2 | |
| Ghoul | 4 | |
| Crypt Fiend | 1 | |
| Frost Wyrm | 11 | |
18 total
» upgrades
| Creature Carapace | 3 | |
| Creature Attack | 2 | |
| Freezing Breath | 1 | |
6 total
» buildings
| Graveyard | 1 | |
| Crypt | 1 | |
| Ziggurat | 10 | |
| Altar of Darkness | 1 | |
| Tomb of Relics | 2 | |
| Nerubian Tower | 2 | |
| Halls of the Dead | 3 | |
| Black Citadel | 2 | |
| Sacrificial Pit | 1 | |
| Boneyard | 3 | |
| Spirit Tower | 1 | |
27 total
» build order
00:08 Graveyard
00:11 Crypt
00:42 Ziggurat
00:58 Altar of Darkness
01:27 Tomb of Relics
01:29 Tomb of Relics
01:50 Nerubian Tower
02:11 Ziggurat
02:51 Halls of the Dead
02:51 Halls of the Dead
02:51 Halls of the Dead
03:15 Ziggurat
05:09 Nerubian Tower
05:17 Black Citadel
05:17 Black Citadel
05:23 Sacrificial Pit
06:21 Ziggurat
06:22 Ziggurat
08:13 Boneyard
08:14 Boneyard
09:31 Spirit Tower
11:17 Ziggurat
13:02 Ziggurat
13:03 Ziggurat
13:04 Ziggurat
13:59 Boneyard
14:50 Ziggurat
» items
| Rod of Necromancy | 2 | |
| Potion of Healing | 1 | |
| Dust of Appearance | 1 | |
| Orb of Corruption | 1 | |
| Scroll of Town Portal | 2 | |
7 total
WesFSTGDB (
pink | 109 APM | 2425 actions | 22:15)
3 Death Knight
2 Death Coil
1 Unholy Aura
4 Dark Ranger
2 Black Arrow
2 Silence
» actions
| Assign group hotkey | 26 | |
| Basic commands | 519 | |
| Build / train | 55 | |
| Enter build submenu | 10 | |
| Enter hero's abilities submenu | 7 | |
| Give item / drop item | 2 | |
| Right click | 1016 | |
| Select / deselect | 393 | |
| Select group hotkey | 308 | |
| Use ability | 89 | |
2425 total
» units
| Acolyte | 2 | |
| Ghoul | 3 | |
| Crypt Fiend | 13 | |
| Obsidian Statue | 5 | |
23 total
» upgrades
| Creature Attack | 2 | |
| Creature Carapace | 2 | |
| Web | 1 | |
| Destroyer Form | 1 | |
6 total
» buildings
| Graveyard | 1 | |
| Crypt | 2 | |
| Ziggurat | 3 | |
| Altar of Darkness | 2 | |
| Tomb of Relics | 1 | |
| Nerubian Tower | 1 | |
| Halls of the Dead | 2 | |
| Slaughterhouse | 1 | |
| Black Citadel | 1 | |
14 total
» build order
00:08 Graveyard
00:19 Crypt
00:52 Ziggurat
00:53 Altar of Darkness
01:04 Altar of Darkness
01:21 Ziggurat
01:56 Tomb of Relics
02:12 Nerubian Tower
03:38 Halls of the Dead
04:16 Ziggurat
06:34 Slaughterhouse
09:55 Black Citadel
12:51 Crypt
» items
| Rod of Necromancy | 2 | |
| Potion of Healing | 2 | |
| Scroll of Town Portal | 3 | |
| Scroll of Healing | 1 | |
| Orb of Corruption | 1 | |
9 total

»
niGhT_BlOoDy (
purple | 188 APM | 4188 actions | 22:14)
6 Mountain King
3 Storm Bolt
2 Bash
1 Avatar
» actions
| Assign group hotkey | 92 | |
| Basic commands | 266 | |
| Build / train | 115 | |
| ESC pressed | 4 | |
| Enter build submenu | 28 | |
| Enter hero's abilities submenu | 6 | |
| Right click | 1259 | |
| Select / deselect | 397 | |
| Select group hotkey | 1922 | |
| Use ability | 99 | |
4188 total
» units
| Peasant | 27 | |
| Footman | 18 | |
| Gryphon Rider | 7 | |
| Flying Machine | 8 | |
| Mortar Team | 1 | |
| Siege Engine | 2 | |
63 total
» upgrades
| Defend | 1 | |
| Swords | 3 | |
| Lumber Harvesting | 1 | |
| Armor | 1 | |
| Storm Hammers | 1 | |
| Flak Cannons | 1 | |
| Gunpowder | 3 | |
| Barrage | 1 | |
| Flying Machine Bombs | 1 | |
13 total
» buildings
| Altar of Kings | 1 | |
| Farm | 12 | |
| Barracks | 1 | |
| Town Hall | 1 | |
| Scout Tower | 3 | |
| Arcane Tower | 7 | |
| Keep | 1 | |
| Arcane Vault | 1 | |
| Blacksmith | 1 | |
| Lumber Mill | 1 | |
| Castle | 1 | |
| Gryphon Aviary | 2 | |
| Guard Tower | 1 | |
| Workshop | 2 | |
35 total
» build order
00:15 Altar of Kings
00:30 Farm
00:34 Barracks
01:15 Farm
01:53 Farm
03:39 Town Hall
03:47 Scout Tower
04:02 Scout Tower
04:24 Arcane Tower
04:24 Arcane Tower
04:25 Arcane Tower
04:25 Arcane Tower
04:41 Arcane Tower
05:58 Keep
06:24 Arcane Vault
06:30 Blacksmith
06:33 Lumber Mill
08:09 Scout Tower
08:11 Farm
09:08 Castle
09:34 Gryphon Aviary
09:36 Gryphon Aviary
10:21 Guard Tower
10:23 Farm
10:57 Farm
12:04 Farm
12:06 Farm
14:35 Farm
16:04 Workshop
16:05 Workshop
16:58 Farm
17:36 Farm
18:15 Farm
» items
| Scroll of Regeneration | 5 | |
| Lesser Clarity Potion | 3 | |
| Scroll of Town Portal | 6 | |
| Potion of Healing | 3 | |
| Rod of Necromancy | 1 | |
| Boots of Speed | 2 | |
| Potion of Lesser Invulnerability | 2 | |
22 total
el_taco_Es_amor (
yellow | 64 APM | 1423 actions | 22:14)
5 Mountain King
3 Storm Bolt
2 Bash
3 Paladin
1 Holy Light
2 Devotion Aura
1 Archmage
1 Brilliance Aura
» actions
| Assign group hotkey | 42 | |
| Basic commands | 131 | |
| Build / train | 98 | |
| Enter build submenu | 20 | |
| Enter hero's abilities submenu | 9 | |
| Remove unit from queue | 2 | |
| Right click | 445 | |
| Select / deselect | 182 | |
| Select group hotkey | 417 | |
| Use ability | 77 | |
1423 total
» units
| Peasant | 23 | |
| Footman | 16 | |
| Rifleman | 4 | |
| Priest | 6 | |
| Sorceress | 1 | |
| Knight | 8 | |
| Spell Breaker | 1 | |
59 total
» upgrades
| Defend | 1 | |
| Priest Training | 2 | |
| Swords | 3 | |
| Plating | 5 | |
| Animal War Training | 1 | |
| Control Magic | 1 | |
| Magic Sentry | 1 | |
14 total
» buildings
| Altar of Kings | 1 | |
| Barracks | 2 | |
| Farm | 9 | |
| Scout Tower | 1 | |
| Arcane Tower | 1 | |
| Lumber Mill | 2 | |
| Arcane Vault | 1 | |
| Blacksmith | 1 | |
| Keep | 2 | |
| Castle | 1 | |
| Arcane Sanctum | 1 | |
| Gryphon Aviary | 2 | |
| Town Hall | 1 | |
25 total
» build order
00:13 Altar of Kings
00:18 Barracks
00:23 Farm
00:59 Farm
01:37 Scout Tower
01:54 Farm
02:11 Arcane Tower
02:33 Lumber Mill
02:48 Lumber Mill
03:13 Arcane Vault
03:23 Blacksmith
03:37 Farm
04:25 Keep
04:25 Keep
04:45 Farm
05:31 Farm
05:32 Farm
05:38 Farm
07:17 Castle
07:20 Arcane Sanctum
09:43 Gryphon Aviary
09:51 Gryphon Aviary
10:35 Barracks
14:40 Farm
16:54 Town Hall
» items
| Scroll of Regeneration | 2 | |
| Scroll of Town Portal | 3 | |
| Scroll of Protection | 1 | |
| Boots of Speed | 1 | |
7 total
team 2 (loser)
TLoo98 (
blue | 43 APM | 962 actions | 22:13)
4 Blademaster
2 Wind Walk
2 Critical Strike
2 Shadow Hunter
1 Hex
1 Healing Wave
1 Tauren Chieftain
1 Endurance Aura
» actions
| Assign group hotkey | 19 | |
| Basic commands | 58 | |
| Build / train | 55 | |
| ESC pressed | 1 | |
| Enter build submenu | 19 | |
| Enter hero's abilities submenu | 7 | |
| Give item / drop item | 1 | |
| Right click | 272 | |
| Select / deselect | 299 | |
| Select group hotkey | 181 | |
| Use ability | 50 | |
962 total
» units
| Peon | 9 | |
| Grunt | 6 | |
| Shaman | 8 | |
| Tauren | 5 | |
28 total
» upgrades
| Melee Weapons | 2 | |
| Shaman Training | 2 | |
| Armor | 2 | |
| Reinforced Defenses | 1 | |
| Pulverize | 1 | |
8 total
» buildings
| Altar of Storms | 1 | |
| Orc Burrow | 5 | |
| Voodoo Lounge | 1 | |
| Barracks | 1 | |
| Stronghold | 1 | |
| War Mill | 1 | |
| Watch Tower | 4 | |
| Spirit Lodge | 2 | |
| Fortress | 1 | |
| Tauren Totem | 1 | |
| Beastiary | 1 | |
19 total
» build order
00:11 Altar of Storms
00:18 Orc Burrow
01:11 Voodoo Lounge
01:22 Barracks
01:55 Orc Burrow
03:21 Orc Burrow
04:48 Orc Burrow
05:14 Stronghold
05:20 War Mill
07:14 Watch Tower
07:17 Watch Tower
08:28 Spirit Lodge
08:30 Spirit Lodge
08:35 Fortress
10:16 Watch Tower
10:21 Orc Burrow
11:22 Tauren Totem
12:23 Watch Tower
21:03 Beastiary
» items
| Healing Salve | 2 | |
| Scroll of Town Portal | 3 | |
| Orb of Lightning | 2 | |
7 total

»
georgetakei (
red | 106 APM | 2256 actions | 21:17)
5 Keeper of the Grove
3 Entangling Roots
2 Thorns Aura
4 Pit Lord
2 Rain of Fire
2 Cleaving Attack
» actions
| Assign group hotkey | 35 | |
| Basic commands | 23 | |
| Build / train | 99 | |
| Enter build submenu | 15 | |
| Enter hero's abilities submenu | 9 | |
| Give item / drop item | 2 | |
| Remove unit from queue | 1 | |
| Right click | 1468 | |
| Select / deselect | 444 | |
| Select group hotkey | 50 | |
| Use ability | 110 | |
2256 total
» units
| Wisp | 18 | |
| Huntress | 14 | |
| Hippogryph | 15 | |
| Archer | 5 | |
52 total
» upgrades
| Moon Armor | 1 | |
| Hippogryph Taming | 1 | |
| Strength of the Moon | 1 | |
| Improved Bows | 1 | |
| Marksmanship | 1 | |
| Strength of the Wild | 2 | |
7 total
» buildings
| Altar of Elders | 1 | |
| Moon Well | 7 | |
| Hunter's Hall | 1 | |
| Ancient of War | 2 | |
| Tree of Life | 1 | |
| Tree of Ages | 1 | |
| Ancient of Wonders | 1 | |
| Tree of Eternity | 1 | |
| Ancient of Wind | 2 | |
17 total
» build order
00:07 Altar of Elders
00:09 Moon Well
00:10 Moon Well
01:37 Hunter's Hall
01:41 Ancient of War
02:02 Ancient of War
02:13 Moon Well
02:28 Moon Well
05:10 Tree of Life
05:48 Tree of Ages
07:42 Moon Well
07:43 Ancient of Wonders
08:48 Tree of Eternity
09:50 Ancient of Wind
10:15 Ancient of Wind
12:18 Moon Well
14:20 Moon Well
» items
| Lesser Clarity Potion | 3 | |
| Scroll of Town Portal | 9 | |
| Potion of Healing | 3 | |
| Potion of Mana | 3 | |
| Boots of Speed | 1 | |
| Scroll of Protection | 1 | |
| Scroll of Healing | 1 | |
| Scroll of Regeneration | 1 | |
22 total
P.I.M.P.I.N (
teal | 74 APM | 1613 actions | 21:46)
5 Blademaster
3 Wind Walk
2 Critical Strike
4 Shadow Hunter
2 Hex
2 Healing Wave
» actions
| Basic commands | 15 | |
| Build / train | 48 | |
| Enter build submenu | 20 | |
| Enter hero's abilities submenu | 9 | |
| Give item / drop item | 4 | |
| Right click | 1151 | |
| Select / deselect | 286 | |
| Use ability | 80 | |
1613 total
» units
| Peon | 7 | |
| Grunt | 4 | |
| Wind Rider | 7 | |
| Troll Batrider | 1 | |
19 total
» upgrades
| Spiked Barricades | 1 | |
| Ranged Weapons | 2 | |
| Armor | 1 | |
4 total
» buildings
| Altar of Storms | 1 | |
| Orc Burrow | 9 | |
| Voodoo Lounge | 1 | |
| Barracks | 1 | |
| War Mill | 1 | |
| Stronghold | 2 | |
| Watch Tower | 2 | |
| Beastiary | 2 | |
| Fortress | 1 | |
20 total
» build order
00:17 Altar of Storms
00:20 Orc Burrow
00:33 Voodoo Lounge
01:31 Barracks
01:58 Orc Burrow
02:19 War Mill
03:14 Stronghold
04:06 Watch Tower
04:13 Orc Burrow
05:24 Watch Tower
06:27 Beastiary
06:30 Beastiary
06:40 Orc Burrow
08:16 Orc Burrow
08:46 Orc Burrow
16:56 Orc Burrow
16:57 Orc Burrow
16:58 Fortress
17:02 Orc Burrow
» items
| Healing Salve | 2 | |
| Lesser Clarity Potion | 1 | |
| Scroll of Speed | 1 | |
| Scroll of Town Portal | 4 | |
| Orb of Lightning | 1 | |
| Potion of Healing | 2 | |
11 total

»
blaine_the_mono (
orange | 68 APM | 1431 actions | 21:07)
3 Blood Mage
1 Banish
2 Flame Strike
» actions
| Assign group hotkey | 14 | |
| Basic commands | 19 | |
| Build / train | 83 | |
| Enter build submenu | 24 | |
| Enter hero's abilities submenu | 4 | |
| Right click | 708 | |
| Select / deselect | 318 | |
| Select group hotkey | 174 | |
| Use ability | 87 | |
1431 total
» units
| Peasant | 40 | |
| Footman | 2 | |
| Rifleman | 9 | |
51 total
» upgrades
| Gunpowder | 1 | |
| Long Rifles | 1 | |
| Lumber Harvesting | 1 | |
| Armor | 1 | |
4 total
» buildings
| Altar of Kings | 1 | |
| Farm | 5 | |
| Barracks | 1 | |
| Scout Tower | 12 | |
| Arcane Tower | 8 | |
| Blacksmith | 1 | |
| Arcane Vault | 1 | |
| Keep | 3 | |
| Lumber Mill | 1 | |
| Guard Tower | 4 | |
| Town Hall | 2 | |
39 total
» build order
00:14 Altar of Kings
00:22 Farm
01:06 Barracks
01:09 Scout Tower
01:20 Farm
01:37 Arcane Tower
01:52 Farm
02:09 Blacksmith
02:27 Farm
02:46 Arcane Vault
03:25 Keep
03:26 Keep
03:26 Keep
04:10 Farm
05:27 Lumber Mill
08:15 Scout Tower
08:16 Scout Tower
08:50 Guard Tower
09:08 Arcane Tower
10:43 Scout Tower
11:11 Arcane Tower
11:12 Arcane Tower
13:46 Scout Tower
13:47 Scout Tower
14:27 Town Hall
14:41 Guard Tower
14:41 Guard Tower
14:42 Arcane Tower
14:42 Arcane Tower
16:59 Scout Tower
17:00 Scout Tower
17:06 Scout Tower
18:43 Town Hall
18:49 Scout Tower
18:50 Scout Tower
18:52 Scout Tower
» items
Chat log
(00:23 / Allies) WhiteFlagOfWar: sup
(00:24 / All) WesFSTGDB: can't, knife is on my team
(00:29 / All) georgetakei: wow man
(00:38 / All) georgetakei: u give me loss earlier cus u afk
(00:39 / All) georgetakei: i stab for u
(00:42 / All) georgetakei: and i get nothin?
(00:47 / All) WesFSTGDB: lol me and knife go way back, I can't stab when he's on my team
(00:54 / All) WhiteFlagOfWar: !
(00:56 / All) P.I.M.P.I.N: sure u can
(00:58 / All) P.I.M.P.I.N: lol
(00:59 / All) WesFSTGDB: don't worry I'll get you eventually
(01:10 / Allies) WesFSTGDB: fucking kids and stabbin for free wins
(01:14 / Allies) WesFSTGDB: I had to earn my level 42
(01:15 / All) georgetakei: :p
(01:22 / All) georgetakei: and u didnt stab mom last game either did u ;(
(01:27 / All) WesFSTGDB: he wasn't on my team
(01:30 / All) georgetakei: ah\
(01:47 / All) WesFSTGDB: kid fails then says he carried his team lol
(01:48 / All) georgetakei: lmao
(01:51 / All) WesFSTGDB: kid is a fucking joke
(01:54 / All) georgetakei: my bros friend died on lev 2
(02:30 / Allies) WhiteFlagOfWar: this funny 40% rt player is convinced im a hacker
(02:37 / Allies) WhiteFlagOfWar: like 5 months ago i played him
(02:39 / Allies) WhiteFlagOfWar: he added me
(02:45 / Allies) WhiteFlagOfWar: and berats me everytime im on lol
(02:45 / All) georgetakei: who dies on lev 4 when u have 4 ppl.. lmao\
(02:54 / Allies) WesFSTGDB: some idiot from za, dargrentheslayer says I'm a hacker..
(05:02 / Allies) WhiteFlagOfWar: t1 still
(05:12 / Allies) niGhT_BlOoDy: GO
(05:13 / Allies) niGhT_BlOoDy: PINK
(06:02 / Allies) el_taco_Es_amor: green
(06:13 / Allies) WhiteFlagOfWar: he has millions of grunts
(06:30 / Allies) WesFSTGDB: lets go abck soon purple
(06:45 / Allies) niGhT_BlOoDy: W8
(07:18 / Allies) niGhT_BlOoDy: HALL ATACK KEEPER
(08:08 / Allies) WesFSTGDB: hit or go middle?
(08:20 / Allies) el_taco_Es_amor: ghit
(08:39 / Allies) WesFSTGDB: kotg
(08:57 / Allies) WhiteFlagOfWar: gold for frosts purp
(08:57 / Allies) WhiteFlagOfWar: plz
(09:17 / Allies) WhiteFlagOfWar: plz purp
(09:18 / Allies) WhiteFlagOfWar: 200g
(09:37 / Allies) WhiteFlagOfWar: need you yellow
(09:39 / Allies) WhiteFlagOfWar: or someone
(10:01 / Allies) WhiteFlagOfWar: good enough fo me
(10:46 / Allies) WesFSTGDB: me again
(11:14 / Allies) WesFSTGDB: amazing
(11:27 / All) georgetakei: thanks bnet
(11:37 / Allies) WesFSTGDB: rofl
(11:37 / All) georgetakei: keep laggin
(11:39 / All) niGhT_BlOoDy: EZ
(11:45 / All) georgetakei: stfu peruvian rat
(11:49 / All) niGhT_BlOoDy: EZ
(12:43 / All) P.I.M.P.I.N: ezz
(13:31 / Allies) WhiteFlagOfWar: omw
(13:55 / Allies) WesFSTGDB: coming
(14:46 / Allies) WesFSTGDB: wait up for green
(15:21 / Allies) niGhT_BlOoDy: BBB
(15:34 / All) P.I.M.P.I.N: WYRMS DOWN
(15:37 / Allies) WhiteFlagOfWar: gold me so i can 100
(15:42 / Allies) el_taco_Es_amor: out
(15:44 / Allies) niGhT_BlOoDy: B
(15:44 / Allies) niGhT_BlOoDy: B
(15:54 / All) P.I.M.P.I.N: good god we owned
(16:04 / Allies) WhiteFlagOfWar: sac pink prolly
(16:07 / Allies) WesFSTGDB: yeah
(16:19 / Allies) niGhT_BlOoDy: BUY TP
(16:23 / Allies) WesFSTGDB: yeah im' out
(16:29 / Allies) el_taco_Es_amor: tp out
(17:42 / Allies) WhiteFlagOfWar: need mana
(17:43 / Allies) WhiteFlagOfWar: gogo
(18:04 / Allies) WesFSTGDB: b
(18:08 / Allies) WesFSTGDB: all meet
(18:10 / Allies) WesFSTGDB: need to hit expos
(18:21 / Allies) WesFSTGDB: come
(18:23 / Allies) WesFSTGDB: we rape him gren
(18:57 / Allies) el_taco_Es_amor: main?
(19:10 / Allies) WesFSTGDB: TURN AORUDN
(19:21 / Allies) niGhT_BlOoDy: B
(19:49 / Allies) WesFSTGDB: if only purple was here he'd be so much easier
(20:03 / All) georgetakei: lmao\
(20:32 / All) WhiteFlagOfWar: wasnt sure if id have to break 50
(20:37 / All) georgetakei: wasnt sure
(20:40 / All) georgetakei: if orange did anything
(20:42 / All) P.I.M.P.I.N: lol
(20:45 / Allies) WesFSTGDB: lol
(20:48 / All) georgetakei: but now teal has confirmed it
(20:56 / All) niGhT_BlOoDy: EZ EZ
(21:00 / All) P.I.M.P.I.N: hes raging
(21:01 / All) P.I.M.P.I.N: aha
(21:08 / All) WesFSTGDB: whio orange?
(21:12 / All) P.I.M.P.I.N: ye
(21:16 / All) georgetakei: garbage tea,
(21:56 / All) TLoo98: gimme a sec here